 Dungeon Crawl Stone Soup version 0.21.1-1-g345015fe64 (webtiles) character file.

7564 HooM the Cleaver (level 10, -8/88 HPs)
             Began as a Minotaur Fighter on Mar 14, 2018.
             Mangled by a spiny frog (11 damage)
             ... on level 2 of the Lair of Beasts.
             The game lasted 00:50:39 (9374 turns).

HooM the Cleaver (Minotaur Fighter)                 Turns: 9374, Time: 00:50:40

Health: -8/88      AC: 12    Str: 22    XL:     10   Next: 96%
Magic:  9/9        EV: 13    Int:  5    God:
Gold:   515        SH: 17    Dex: 15    Spells: 9/9 levels left

rFire    . . .     SeeInvis .   a - +0 war axe
rCold    . . .     Gourm    .   o - +5 shield
rNeg     . . .     Faith    .   m - +1 chain mail
rPois    .         Spirit   .   (helmet restricted)
rElec    .         Reflect  .   (no cloak)
rCorr    .         Harm     .   (no gloves)
MR       .....                  (no boots)
Stlth    ..........             (no amulet)
HPRegen  0.24/turn              v - +3 ring of evasion
MPRegen  0.11/turn              q - +3 ring of dexterity

@: no status effects
A: retaliatory headbutt, horns 2
a: no special abilities


You were on level 2 of the Lair of Beasts.
You were very hungry.

You visited 2 branches of the dungeon, and saw 11 of its levels.
You also visited: Sewer.

You collected 515 gold pieces.

Inventory:

Hand Weapons
 a - a +0 war axe (weapon)
Armour
 m - a +1 chain mail (worn)
 o - a +5 shield (worn)
Jewellery
 c - an uncursed ring of stealth
 k - an uncursed ring of positive energy
 q - a +3 ring of dexterity (right hand)
 v - a +3 ring of evasion (left hand)
 B - an uncursed ring of flight
 I - an uncursed ring of fire
 M - an uncursed ring of magical power
Wands
 l - a wand of polymorph (7)
 n - a wand of random effects (59)
 z - a wand of paralysis (10)
 G - a wand of flame (35)
 H - a wand of iceblast (11)
 N - a wand of acid (12)
Scrolls
 e - 3 scrolls of fear
 g - a scroll of enchant armour
 i - 6 scrolls of teleportation
 t - 2 scrolls of magic mapping
 u - a scroll of fog
 x - 3 scrolls of blinking
 y - 3 scrolls of remove curse
 A - 2 scrolls of amnesia
 J - 2 scrolls of enchant weapon {unknown}
 L - a scroll of noise
Potions
 b - a potion of invisibility {unknown}
 d - 4 potions of might
 h - 2 potions of brilliance {unknown}
 j - 2 potions of haste {unknown}
 p - 6 potions of curing
 r - a potion of degeneration {unknown}
 s - 2 potions of magic
 w - 3 potions of heal wounds
 C - a potion of cancellation {unknown}
 D - a potion of lignification {unknown}
 E - a potion of agility {unknown}
 F - 2 potions of resistance
 K - a potion of mutation {unknown}
Comestibles
 f - 11 rations


   Skills:
 * Level 8.1 Fighting
 * Level 11.8 Axes
 * Level 8.8 Armour
 * Level 5.7 Dodging
 * Level 5.0 Stealth
 * Level 8.8 Shields
 + Level 0.9 Evocations


You had 9 spell levels left.
You didn't know any spells.

Dungeon Overview and Level Annotations

Branches:
Dungeon (9/15)             Temple (0/1) D:7            Lair (1/6) D:9
 Shoals (0/4) Lair:2        Snake (0/4) Lair:2
    Orc: D:9-12

Altars:
Nemelex Xobeh
Ru
Trog
Wu Jian
Xom
Yredelemnul

Shops:
D:6 ?


Innate Abilities, Weirdness & Mutations

You reflexively headbutt those who attack you in melee.
You have a pair of horns on your head.


Message History

The yak bellows!
You hear a bellow! x2
Found a stone staircase leading down.
A yak comes into view.
Your surroundings suddenly seem different.
A spiny frog comes into view.
The spiny frog gives a loud, deep croak!
The spiny frog closely misses you.
Found 5 poisoned needles.
You hit the spiny frog but do no damage.
You block the spiny frog's attack. x2
You hit the spiny frog but do no damage.
You headbutt the spiny frog!
The spiny frog is moderately wounded.
The spiny frog stings you!
* * * LOW HITPOINT WARNING * * *
You barely miss the spiny frog.
You headbutt the spiny frog, but do no damage.
The spiny frog is moderately wounded.
The spiny frog stings you!
You die...

#≈.♣♣ ...# #.♣♣. ...
...... ##..## P##P.♣.
##.... # #≈♣♣♣ ##.... ##
#♣ .. #....#.P##### ..♣
#.F......#.#.. ####
#..@.......... #..
................... ##..
...................P#...
...................###..
....................#...
.(........#.#........m##
.........#.###.......##
........#### ###...m..#.
#...r...#


You could see a spiny frog.

Vanquished Creatures
  A two-headed ogre (D:9)
  2 komodo dragons
  A troll (D:9)
  Prince Ribbit (D:7)
  A hornet (D:7)
  2 hippogriffs
  Menkaure (D:7)
  The ghost of VanClaymore the Cudgeler, an amateur GrMo (D:3)
  2 nagas (Lair:2)
  3 water moccasins
  6 porcupines
  An ice beast (D:3)
  2 orc warriors
  A sky beast (D:8)
  A phantom (D:5)
  4 black bears
  4 ogres
  3 centaurs
  2 crocodiles
  6 bullfrogs
  4 scorpions
  6 killer bees (D:7)
  5 howler monkeys
  An electric eel (D:9)
  A crimson imp (D:5)
  8 orc priests
  5 hounds
  A quasit (D:9)
  A centaur skeleton (D:4)
  13 orc wizards
  3 iguanas
  3 worker ants
  A killer bee zombie (D:6)
  A hound zombie (D:6)
  2 hound skeletons
  A howler monkey zombie (D:7)
  A worker ant zombie (D:7)
  10 adders
  11 river rats
  A shadow imp (D:8)
  3 white imps (D:9)
  An ufetubus (D:9)
  4 oozes
  An adder skeleton (D:8)
  3 worms
  2 dart slugs
  7 leopard geckos
  36 orcs
  3 bats
  5 giant cockroaches
  6 goblins
  5 hobgoblins
  5 jackals
  2 quokkas
  12 ball pythons
  9 frilled lizards
  2 kobolds
  A leopard gecko skeleton (D:5)
  A quokka simulacrum (D:9)
  3 quokka skeletons
  2 quokka zombies
  44 rats
  2 fungi
283 creatures vanquished.

Vanquished Creatures (others)
  28 fungi
  2 plants (D:9)
30 creatures vanquished.

Grand Total: 313 creatures vanquished

Notes
Turn   | Place    | Note
-------+----------+-------------------------------------------
     0 | D:1      | HooM the Minotaur Fighter began the quest for the Orb.
     0 | D:1      | Reached XP level 1. HP: 19/19 MP: 0/0
   117 | D:1      | You fall through a shaft!
   132 | D:2      | Reached XP level 2. HP: 27/27 MP: 1/1
  1188 | D:2      | Reached XP level 3. HP: 32/33 MP: 2/2
  1252 | D:2      | Reached skill level 1 in Dodging
  1619 | D:3      | Reached skill level 3 in Axes
  1621 | D:3      | Reached skill level 1 in Stealth
  1621 | D:3      | Reached XP level 4. HP: 27/40 MP: 3/3
  1655 | D:3      | Found a basalt altar of Yredelemnul.
  1680 | D:3      | Noticed VanClaymore's ghost (amateur GrMo)
  1789 | D:3      | Noticed an ice beast
  1800 | D:3      | Killed an ice beast
  1800 | D:3      | Reached skill level 4 in Axes
  1800 | D:3      | Reached XP level 5. HP: 47/47 MP: 4/4
  1941 | D:3      | Killed VanClaymore's ghost
  1941 | D:3      | Reached XP level 6. HP: 21/53 MP: 5/5
  2340 | D:4      | Reached skill level 5 in Axes
  2340 | D:4      | Reached skill level 5 in Armour
  2383 | D:4      | Found a bloodstained altar of Trog.
  2532 | D:4      | Found a glowing drain.
  2538 | Sewer    | Entered a sewer
  2705 | Sewer    | Reached skill level 5 in Shields
  2705 | Sewer    | Reached XP level 7. HP: 59/60 MP: 6/6
  3135 | D:4      | Reached skill level 5 in Fighting
  3135 | D:4      | Reached skill level 6 in Axes
  3550 | D:5      | Entered Level 5 of the Dungeon
  3623 | D:5      | Reached XP level 8. HP: 67/68 MP: 7/7
  3646 | D:5      | Reached skill level 7 in Axes
  4178 | D:6      | Reached skill level 8 in Axes
  4541 | D:6      | Found Foakha's Magic Scroll Shop.
  4556 | D:6      | Found an ornate altar of the Wu Jian Council.
  4847 | D:6      | Reached skill level 9 in Axes
  4975 | D:6      | Found a sacrificial altar of Ru.
  5035 | D:7      | Reached XP level 9. HP: 55/75 MP: 8/8
  5107 | D:7      | Noticed Prince Ribbit
  5492 | D:7      | Killed Prince Ribbit
  5771 | D:7      | Noticed Menkaure
  5785 | D:7      | Killed Menkaure
  5901 | D:7      | Reached skill level 10 in Axes
  5915 | D:7      | Found a staircase to the Ecumenical Temple.
  5967 | D:7      | Found a sparkling altar of Nemelex Xobeh.
  6600 | D:8      | Found a shimmering altar of Xom.
  6866 | D:8      | Reached skill level 5 in Dodging
  6866 | D:8      | Reached XP level 10. HP: 86/86 MP: 9/9
  7469 | D:9      | Reached skill level 11 in Axes
  7965 | D:9      | Found a staircase to the Lair.
  7996 | D:9      | Noticed a two-headed ogre
  8008 | D:9      | Killed a two-headed ogre
  8484 | D:9      | Found an ornate altar of the Wu Jian Council.
  8690 | Lair:1   | Entered Level 1 of the Lair of Beasts
  8730 | Lair:1   | You fall through a shaft!
  8741 | Lair:2   | Found a staircase to the Snake Pit.
  8849 | Lair:2   | Reached skill level 5 in Stealth
  9081 | Lair:2   | Found a staircase to the Shoals.
  9366 | Lair:2   | Noticed a merfolk siren
  9371 | Lair:2   | Noticed a spiny frog
  9373 | Lair:2   | HP: 3/88 [spiny frog (11)]
  9374 | Lair:2   | Mangled by a spiny frog

Skill      XL: |  1  2  3  4  5  6  7  8  9 10 |
---------------+-------------------------------+-----
Fighting       | 4 5 7 8 |  8.1
Dodging        | 1 2 3 5 |  5.7
Armour         | 4 5 6 7 8 |  8.8
Shields        | 4 5 6 7 8 |  8.8
Axes           | 3 4 5 6 9 10 11 | 11.8
Stealth        | 1 2 3 4 5 |  5.0
Evocations     | |  0.9

Action                   |  1- 3 |  4- 6 |  7- 9 | 10-12 || total
-------------------------+-------+-------+-------+-------++-------
Melee: War axe           |    83 |   144 |   386 |   186 ||   799
       Headbutt          |     8 |    32 |    82 |    60 ||   182
Evoke: Wand              |       |       |     1 |     1 ||     2
  Use: Scroll            |       |     6 |    11 |     5 ||    22
  Eat: Chunk             |     2 |     4 |    14 |     7 ||    27
Armor: Scale mail        |    20 |       |       |       ||    20
       Chain mail        |    18 |    50 |   141 |    31 ||   240
Dodge: Dodged            |    31 |    35 |   107 |    75 ||   248
Block: Shield            |    48 |    81 |   228 |   140 ||   497
